 Dungeon Crawl Stone Soup version 0.31-a0-1074-g0b22e4e0f1 (webtiles) character file.

Game seed: 14190223624839464191

1362 greasedhog the Cleaver (level 8, -6/57 (63) HPs)
             Began as a Formicid Berserker on Nov 29, 2023.
             Was a Priest of Trog.
             Mangled by a wight
             ... wielding a +4 great sword of freezing
              (7 damage)
             ... on level 5 of the Dungeon.
             The game lasted 00:07:48 (4483 turns).

greasedhog the Cleaver (Formicid Berserker)         Turns: 4483, Time: 00:07:48

HP:   -6/57 (63)    AC:  8    Str: 24    XL:     8   Next: 96%
MP:   8/8           EV: 11    Int:  7    God:    Trog [***...]
Gold: 81            SH:  0    Dex: 13    Spells: 7/7 levels left

rFire   . . .        a - +0 hand axe
rCold   . . .        (no shield)
rNeg    . . .        p - +0 ring mail
rPois   .            (helmet unavailable)
rElec   .            o - +0 cloak
rCorr   +            (no gloves)
SInv    +            b - +0 pair of boots
Will    ++...        (no amulet)
Stlth   +            s - ring of resist corrosion
HPRegen 1.29/turn    q - ring of flight
MPRegen 0.11/turn

%: no passive effects
@: strong-willed (expiring), flying, regenerating (expiring), drained
A: permanent stasis, dig shafts and tunnels, antennae 3, four strong arms
a: Dig, Shaft Self, Renounce Religion, Trog's Hand


You were on level 5 of the Dungeon.
You worshipped Trog.
Trog was most pleased with you.
You visited 1 branch of the dungeon, and saw 5 of its levels.
You also visited: Sewer.

You collected 153 gold pieces.
You spent 72 gold pieces at shops.

Inventory:

Hand Weapons
 a - a +0 hand axe (weapon)
Armour
 b - a +0 pair of boots (worn)
 o - a +0 cloak (worn)
 p - a +0 ring mail (worn)
Jewellery
 q - a ring of flight (right hand)
 s - a ring of resist corrosion (left hand)
Wands
 g - a wand of mindburst (16)
 l - a wand of flame (16)
Scrolls
 e - 2 scrolls of fear
 m - 2 scrolls of immolation
 n - 2 scrolls of revelation
 r - a scroll of noise {unknown}
 t - a scroll of blinking {unknown}
Potions
 c - 3 potions of might
 d - 3 potions of enlightenment
 f - 5 potions of curing
 h - a potion of heal wounds
 i - a potion of magic
 j - a potion of invisibility {unknown}
 k - 2 potions of mutation


   Skills:
 + Level 5.6 Fighting
 * Level 9.0 Axes
 - Level 5.0 Armour
 - Level 1.7 Dodging


You had 7 spell levels left.
You didn't know any spells.
Your spell library was empty.

Dungeon Overview and Level Annotations

Branches:
Dungeon (5/15)             Temple (0/1) D:4           Sewer (visited)

Altars:
Sif Muna
Vehumet
Xom

Shops:
D:4 *


Innate Abilities, Weirdness & Mutations

You cannot be hasted, slowed, berserked, paralysed or teleported.
You can dig through walls and to a lower floor.
You have a pair of large antennae on your head. (SInv)
Your four strong arms can wield two-handed weapons with a shield.


Message History

The wight is lightly damaged.
You hit the wight.
The wight is lightly damaged.
The wight hits you with a +3 mace.
You feel drained.
You hit the wight.
The wight is moderately damaged.
The wight closely misses you.
You slash the wight!
The wight is almost destroyed.
The wight hits you with a +3 mace.
You barely miss the wight.
The wight is almost destroyed.
The wight barely misses you.
You hit the wight.
You destroy the wight!
Trog accepts your kill.
Your Axes skill increases to level 9!
You hit the wight but do no damage. The wight closely misses you.
You hit the wight but do no damage.
The wight hits you with a +4 great sword of freezing.
You feel drained. The wight freezes you.
You hit the wight.
The wight is moderately damaged.
You feel the effects of Trog's Hand fading.
You barely miss the wight.
The wight is moderately damaged.
The wight closely misses you.
You barely miss the wight.
The wight is moderately damaged.
The wight hits you with a +4 great sword of freezing!
You feel drained.
* * * LOW HITPOINT WARNING * * *
The wight freezes you.
* * * LOW HITPOINT WARNING * * *
You slash the wight!
The wight is almost destroyed.
The wight hits you with a +4 great sword of freezing!
* * * LOW HITPOINT WARNING * * *
The wight freezes you!
You die...

# . ############### ####
. #.............##.....
.##......# #.......#
.)..z.z.z# #..#z#########
)##.####.###...#@.......#
.,#.# ##.zz#♣♣♣♣♣#####.#
. #.# #.##♣ ♣♣♣ ###.## .
... #.# ~~~P♣....# # .#.
..♣ ~~~PP~#..# .. .. #♣~♣
~~..~~....# ## ## ~~P
.~.........# ...
............## ..(
.~...~..~P♣♣~#


You could see a wight.

Vanquished Creatures
  Sigmund (D:5)
  Edmund (D:5)
  A black bear (D:4)
  A phantom (D:3)
  2 kobold brigands (Sewer)
  A scorpion (D:5)
  3 wights (D:5)
  2 hounds (D:5)
  An orc priest (D:3)
  Crazy Yiuf (D:2)
  2 sleepcaps
  4 iguanas
  2 orc wizards
  9 gnolls
  3 adders
  A river rat (D:3)
  3 worms
  4 dart slugs
  8 orcs
  9 endoplasms
  2 giant cockroaches (D:3)
  7 goblins
  4 hobgoblins
  3 jackals (Sewer)
  13 kobolds
  3 quokkas
  9 ball pythons
  6 bats
  2 frilled lizards (D:1)
  10 rats
118 creatures vanquished.

Notes
Turn   | Place    | Note
-------+----------+-------------------------------------------
     0 | D:1      | greasedhog the Formicid Berserker began the quest for the
                  | Orb.
     0 | D:1      | Reached XP level 1. HP: 18/18 MP: 1/1
   214 | D:1      | Reached XP level 2. HP: 24/24 MP: 2/2
   549 | D:1      | Reached XP level 3. HP: 29/29 MP: 3/3
   797 | D:2      | Reached ** piety under Trog
   798 | D:2      | Reached skill level 4 in Axes
   951 | D:2      | Reached XP level 4. HP: 27/35 MP: 4/4
   953 | D:2      | Found a faded altar of an unknown god.
  1192 | D:2      | Found a runed translucent door.
  1193 | D:2      | Noticed Crazy Yiuf
  1205 | D:2      | Killed Crazy Yiuf
  1392 | D:2      | Found a radiant altar of Vehumet.
  1736 | D:3      | Reached XP level 5. HP: 40/41 MP: 5/5
  1771 | D:3      | Found a glowing drain.
  1775 | Sewer    | Entered a sewer
  1814 | Sewer    | Noticed a kobold brigand
  1822 | Sewer    | Noticed a kobold brigand
  1838 | Sewer    | Killed a kobold brigand
  1839 | Sewer    | Reached skill level 5 in Axes
  1839 | Sewer    | Reached XP level 6. HP: 15/47 MP: 6/6
  1986 | Sewer    | Found a white marble altar of Elyvilon.
  2223 | D:3      | Reached skill level 6 in Axes
  2236 | D:3      | Reached *** piety under Trog
  2582 | D:3      | Reached XP level 7. HP: 23/52 MP: 7/7
  2694 | D:3      | Reached skill level 5 in Armour
  3077 | D:4      | Found a shimmering blue altar of Sif Muna.
  3152 | D:4      | Reached skill level 7 in Axes
  3251 | D:4      | Found a staircase to the Ecumenical Temple.
  3475 | D:4      | Reached XP level 8. HP: 10/60 MP: 8/8
  3653 | D:4      | Found a shimmering altar of Xom.
  3813 | D:4      | Found Mudianis's General Store.
  3819 | D:4      | Bought a scroll of identify for 24 gold pieces
  3819 | D:4      | Bought a scroll of fear for 48 gold pieces
  3861 | D:5      | Entered Level 5 of the Dungeon
  3960 | D:5      | Noticed Sigmund
  3963 | D:5      | Killed Sigmund
  3981 | D:5      | Noticed Edmund
  3994 | D:5      | Killed Edmund
  3995 | D:5      | Reached skill level 8 in Axes
  4128 | D:5      | Reached skill level 5 in Fighting
  4478 | D:5      | Reached skill level 9 in Axes
  4483 | D:5      | HP: 1/57 [wight/+4 great sword of freezing (15)]
  4483 | D:5      | Mangled by a wight

Illustrated notes

Levels and vault maps discovered:
D:1:      ebering_trefoil_twist, layout_basic
D:2:      layout_basic, basic_altar, chequers_ecumenical_altar_simple_redux,
          uniq_crazy_yiuf_cottage
D:3:      layout_rooms, gup_sewer_entry_bowl, corexii_item_surrounded_by_moat
D:4:      layout_rooms, nicolae_sif_muna_condensation,
          nicolae_overflow_crystal_walls, minmay_temple_entry_tees,
          serial_shops, kennysheep_little_box, kennysheep_generic_room_6
D:5:      layout_loops_ring, grunt_gozag_statues, fedhas_altar_4,
          serial_bayou_ford_a, sigmund_edmund_badplayer

Skill      XL: |  1  2  3  4  5  6  7  8 |
---------------+-------------------------+-----
Axes           | 4 5 6 7 9 |  9.0
Armour         | 3 4 5 |  5.0
Fighting       | 4 5 |  5.6
Dodging        | |  1.7

Action                     |  1- 3 |  4- 6 |  7- 9 || total
---------------------------+-------+-------+-------++-------
  Melee: Hand axe          |    98 |   183 |   213 ||   494
         Punch             |     2 |     2 |     3 ||     7
 Invoke: Trog's Hand       |       |     1 |     2 ||     3
  Evoke: Wand              |       |       |     5 ||     5
    Use: Scroll            |       |     8 |     2 ||    10
         Potion            |       |     2 |       ||     2
   Stab: Sleeping          |     2 |       |       ||     2
 Armour: Animal skin       |    53 |     9 |       ||    62
         Ring mail         |       |    93 |   166 ||   259
  Dodge: Dodged            |    61 |    95 |   128 ||   284

Table legend: (Time is in decaauts)
 A = Elapsed time spent in this place.
 B = Non-inter-level travel time spent in this place.
 C = Inter-level travel time spent in this place.
 D = Time resting spent in this place.
 E = Time spent auto-exploring this place.
 F = Levels seen in this place.
 G = Mean time per level.
                   A        B        C        D        E       F      G
               +--------+--------+--------+--------+--------+-----+--------+
         Total |   4516 |   4409 |    107 |    709 |   2685 |   6 |  752.7 |
       Dungeon |   4235 |   4128 |    107 |    709 |   2495 |   5 |  847.0 |
         Sewer |    281 |    281 |      0 |      0 |    190 |   1 |  281.0 |
               +--------+--------+--------+--------+--------+-----+--------+

Top non-repeatable levels by time:
     D:4: 1040 daAuts
     D:2: 910 daAuts
     D:3: 907 daAuts
     D:1: 769 daAuts
     D:5: 606 daAuts
   Sewer: 281 daAuts
